 Dungeon Crawl Stone Soup version 0.21-a0-536-gdbbf329 (webtiles) character file.

177 slep the Chopper (level 5, -1/39 HPs)
             Began as a Demonspawn Gladiator on Dec 15, 2017.
             Slain by a gnoll
             ... wielding a +0 spear
              (3 damage)
             ... on level 3 of the Dungeon.
             The game lasted 00:05:21 (1325 turns).

slep the Chopper (Demonspawn Gladiator)             Turns: 1325, Time: 00:05:22

Health: -1/39      AC:  8    Str: 15    XL:     5   Next: 31%
Magic:  5/5        EV: 12    Int:  9    God:
Gold:   178        SH:  0    Dex: 15    Spells: 4/4 levels left

rFire    + . .     SeeInvis .   a - +0 war axe
rCold    . . .     Gourm    .   (no shield)
rNeg     . . .     Faith    .   o - +0 ring mail
rPois    .         Spirit   .   p - +2 hat
rElec    .         Reflect  .   (no cloak)
rCorr    .         Harm     .   k - +0 pair of gloves
MR       .....                  (no boots)
Stlth    ++........             (no amulet)
HPRegen  0.13/turn              (no ring)
MPRegen  0.09/turn              (no ring)

@: no status effects
A: fire resistance 1, nightstalker 1
a: no special abilities


You were on level 3 of the Dungeon.
You were not hungry.

You visited 1 branch of the dungeon, and saw 3 of its levels.

You collected 178 gold pieces.

Inventory:

Hand Weapons
 a - a +0 war axe (weapon)
Missiles
 d - 3 throwing nets (quivered)
Armour
 b - a +0 leather armour
 c - a +0 helmet
 k - a +0 pair of gloves (worn)
 o - a +0 ring mail (worn)
 p - a +2 hat (worn)
Jewellery
 x - a +5 ring of dexterity {unknown}
Wands
 y - a wand of iceblast (11)
Scrolls
 e - a scroll of fear {unknown}
 l - 3 scrolls of identify {unknown}
 m - 2 scrolls of noise {unknown}
 s - a scroll of remove curse {unknown}
 t - a scroll of amnesia {unknown}
Potions
 g - a potion of agility {unknown}
 h - a potion of flight {unknown}
 i - a potion of degeneration {unknown}
 j - 2 potions of magic {unknown}
 q - a potion of haste
 v - a potion of mutation {unknown}
 w - a potion of heal wounds {unknown}
 z - a potion of lignification {unknown}
Comestibles
 f - 2 bread rations
 n - a meat ration
 r - 2 royal jellies
 u - a chunk of flesh


   Skills:
 + Level 2.4 Fighting
 + Level 4.2 Axes
 + Level 1.8 Throwing
 + Level 1.4 Armour
 + Level 3.3 Dodging
 + Level 1.4 Stealth


You had 4 spell levels left.
You didn't know any spells.

Dungeon Overview and Level Annotations

Branches:
Dungeon (3/15)

Altars:
Qazlal


Innate Abilities, Weirdness & Mutations

Your flesh is heat resistant. (rF+)
You are slightly more attuned to the shadows.


Message History

The gnoll closely misses you.
You hit the gnoll but do no damage. The gnoll hits you with a spear.
* * * LOW HITPOINT WARNING * * *
You hit the gnoll.
The gnoll is moderately wounded.
The gnoll hits you but does no damage. x2
A leopard gecko comes into view.
You barely miss the gnoll.
The gnoll is moderately wounded.
The gnoll completely misses you.
You hit the gnoll but do no damage.
The gnoll is moderately wounded.
The gnoll misses you.
You hit the gnoll.
The gnoll is heavily wounded.
The gnoll hits you but does no damage. x2
You barely miss the gnoll.
The gnoll is heavily wounded.
The gnoll hits you with a spear.
You die...

#. #......# #.#
#.##..##.## .# #.
###.....##.# ..
.#...........# ##
.#.##..#.##.# #..
#).#.##.## #.l
#..........
#..##.#..##.###
#.g@).......#
#....†)........
.........#.###.##
#####.####.# ...
#. #.# .# #. # #.


You could see a gnoll and a leopard gecko.

Vanquished Creatures
  A big kobold (D:2)
  3 gnolls (D:3)
  2 adders
  2 worms (D:2)
  2 dart slugs (D:2)
  A leopard gecko (D:1)
  3 giant cockroaches
  2 goblins
  7 hobgoblins
  5 jackals
  A quokka (D:3)
  2 ball pythons
  9 bats
  3 frilled lizards
  3 kobolds
  3 rats
49 creatures vanquished.

Notes
Turn   | Place    | Note
-------+----------+-------------------------------------------
     0 | D:1      | slep the Demonspawn Gladiator began the quest for the Orb.
     0 | D:1      | Reached XP level 1. HP: 16/16 MP: 1/1
   142 | D:1      | Reached skill level 3 in Axes
   142 | D:1      | Gained mutation: You are slightly more attuned to the shadows. [demonic ancestry]
   142 | D:1      | Reached XP level 2. HP: 15/22 MP: 2/2
   575 | D:2      | Found a stormy altar of Qazlal.
   618 | D:2      | Noticed a big kobold
   640 | D:2      | Killed a big kobold
   640 | D:2      | Reached skill level 1 in Stealth
   640 | D:2      | Reached XP level 3. HP: 17/27 MP: 3/3
   640 | D:2      | Gained mutation: Your flesh is heat resistant. (rF+) [demonic ancestry]
   640 | D:2      | Reached XP level 4. HP: 21/33 MP: 4/4
   772 | D:2      | Reached skill level 1 in Armour
   867 | D:3      | Reached skill level 4 in Axes
  1017 | D:2      | Reached XP level 5. HP: 35/39 MP: 5/5
  1320 | D:3      | HP: 1/39 [gnoll/spear (4)]
  1325 | D:3      | Slain by a gnoll

Vault maps used:
D:1:      lemuel_arrival_behind_the_door_large, hangedman_feature_mirror
D:2:      grunt_qazlal_clouds
D:3:      chequers_ecumenical_altar_island, first_bread, serial_bayou_pond_c,
          uniq_robin

Skill      XL: |  1  2  3  4 |
---------------+-------------+-----
Axes           | 3 4 |  4.2
Dodging        | 3 |  3.3
Stealth        | 1 |  1.4
Armour         | 1 |  1.4
Fighting       | |  2.4
Throwing       | |  1.8

Action                   |  1- 3 |  4- 6 || total
-------------------------+-------+-------++-------
Melee: War axe           |    78 |    95 ||   173
 Stab: Sleeping          |     2 |     5 ||     7
  Eat: Chunk             |       |     2 ||     2
Armor: Leather armour    |    17 |       ||    17
       Ring mail         |    23 |    53 ||    76
Dodge: Dodged            |    65 |    81 ||   146

Table legend:
 A = Spawn XP
 B = Non-spawn XP
 C = Spawn XP percentage of total XP
 D = Spawn monster count
 E = Non-spawn monster count
 F = Spawn count percentage of total count
 G = Total turns spent on level
                    A         B        C        D         E        F      G
               +---------+---------+-------+---------+---------+-------+---------
         Total |       0 |     254 |   0.0 |       0 |      49 |   0.0 |  1325
               +---------+---------+-------+---------+---------+-------+---------
           D:1 |       0 |      30 |   0.0 |       0 |      19 |   0.0 |   462
           D:2 |       0 |     146 |   0.0 |       0 |      15 |   0.0 |   657
           D:3 |       0 |      78 |   0.0 |       0 |      15 |   0.0 |   206
               +---------+---------+-------+---------+---------+-------+---------
